Map: Remanso LE

Players

IagoAbreu - Winner!

  • Race: Zerg Zerg
  • League: Gold
  • Spawn Location: 5:00

Rotzank

  • Race: Zerg Zerg
  • League: Silver
  • Spawn Location: 11:00

VOD

Have the link to the VOD?

Description

Time

  • Played on: May 10, 2018, 1:10 p.m.
  • Length: 11:17
Show
View Real Time Build Order
Export as new Build Order

IagoAbreu Zerg - Winner!

Build Orders: Pool First 

Get SALT Encoding   

  12  0:01  Drone  
  13  0:13  Drone  
  14  0:16  Overlord  
  14  0:23  Extractor  
  13  0:29  Drone  
  14  0:39  Drone x2  
  16  0:51  Drone, Spawning Pool  
  16  0:56  Drone  
  17  1:07  Drone  
  18  1:13  Evolution Chamber  
  17  1:23  Drone  
  18  1:32  Drone  
  19  1:45  Hatchery  
  18  1:50  Queen  
  20  1:55  Drone  
  20  1:58  Drone  
  22  2:12  Metabolic Boost, Zerg Melee Weapons Level 1  
  22  2:48  Overlord x2  
  22  2:53  Overlord  
  22  3:06  Queen  
  22  3:09  Pneumatized Carapace  
  24  3:14  Drone x2  
  24  3:19  Zergling x2  
  28  3:20  Zergling x6  
  30  3:39  Zergling x2  
  30  3:40  Zergling x2  
  32  3:41  Zergling x2  
  32  3:42  Zergling x4  
  35  3:54  Lair  
  35  4:13  Zergling x8  
  35  4:14  Zergling x2  
  40  4:18  Zerg Ground Armor Level 1  
  40  4:30  Zergling x18  
  40  4:50  Zergling x2  
  40  4:51  Zergling x6  
  39  5:01  Zergling x8  
  39  5:02  Zergling x4  
  43  5:20  Zergling x6  
  43  5:21  Zergling x2  
  37  5:34  Zergling x14  
  37  5:49  Zergling x4  
  40  5:50  Zergling x2  
  36  6:08  Evolution Chamber  
  36  6:11  Drone  
  36  6:15  Zergling x4  
  36  6:16  Zergling x10  
  43  6:36  Queen  
  43  6:37  Queen  
  43  6:39  Zergling x8  
  51  6:41  Overlord x2  
  51  6:57  Zerg Melee Weapons Level 2  
  51  6:59  Zerg Ground Armor Level 2  
  50  7:16  Zergling x2  
  50  7:17  Zergling x12  
  54  7:32  Zergling x2  
  54  7:33  Zergling x8  
  42  7:45  Queen  
  42  7:48  Queen  
  27  8:43  Zergling x4  
  27  8:44  Zergling x12  
  23  9:33  Hatchery  
  21  10:07  Spawning Pool  
Show
View Real Time Build Order
Export as new Build Order

Rotzank Zerg 

Build Orders: Pool First 

Get SALT Encoding   

  12  0:03  Drone  
  13  0:10  Drone  
  14  0:18  Overlord  
  14  0:39  Spawning Pool  
  14  0:41  Drone  
  14  0:42  Drone  
  15  0:46  Drone  
  16  0:56  Extractor  
  15  0:59  Drone  
  16  1:12  Drone  
  17  1:24  Drone  
  18  1:33  Drone  
  19  1:40  Extractor  
  19  1:42  Overlord  
  18  1:52  Drone  
  19  1:58  Drone  
  20  2:02  Queen  
  22  2:22  Spine Crawler  
  21  2:32  Zergling x6  
  24  2:56  Zergling x4  
  26  3:16  Metabolic Boost  
  26  3:20  Lair  
  26  3:27  Zergling x2  
  26  3:28  Zergling x6  
  26  3:30  Overlord  
  30  3:53  Zergling x10  
  35  4:02  Drone  
  36  4:21  Zergling x6, Spire  
  38  4:26  Overlord x2  
  33  5:03  Zergling x6  
  33  5:04  Zergling x4  
  32  5:47  Mutalisk x3  
  27  6:10  Mutalisk x2  
  31  6:22  Mutalisk x3  
  37  6:44  Mutalisk x2  
  37  6:46  Mutalisk  
  43  6:52  Mutalisk  
  43  6:53  Hatchery  
  44  7:15  Zerg Flyer Weapons Level 1  
  44  7:18  Zergling x8  
  44  7:19  Zergling x4  
  18  8:32  Zergling x10  
  23  8:52  Drone  
  20  9:09  Mutalisk  
Tags
 
Add a new tag
Caveats
  • Supply blocks, unpowered buildings, or Contaminate may cause inaccurate times.
  • Supply counts are checked every 10 seconds.